 Dungeon Crawl Stone Soup version 0.26-a0-682-g294304f6e8 (webtiles) character file.

Game seed: 16942431969353455006

(classic levelgen) 37 EnegeticOcto the Digger (level 3, -2/21 HPs)
             Began as a Halfling Earth Elementalist on Oct 21, 2020.
             Slain by an orc (4 damage)
             ... on level 3 of the Dungeon.
             The game lasted 00:02:05 (218 turns).

EnegeticOcto the Digger (HaEE)                       Turns: 218, Time: 00:02:06

Health: -2/21      AC:  2    Str:  9    XL:     3   Next: 62%
Magic:  1/5        EV: 15    Int: 14    God:
Gold:   43         SH:  0    Dex: 14    Spells: 4/5 levels left

rFire    . . .     SeeInvis .   d - +0 short sword
rCold    . . .     Faith    .   (shield restricted)
rNeg     . . .     Spirit   .   c - +0 robe
rPois    .         Reflect  .   (no helmet)
rElec    .         Harm     .   (no cloak)
rCorr    .         Rampage  .   (no gloves)
MR       .....                  (no boots)
Stlth    ++........             (no amulet)
HPRegen  0.07/turn              (no ring)
MPRegen  0.09/turn              (no ring)

@: no status effects
A: small, mutation resistance 1
a: no special abilities


You were on level 3 of the Dungeon.
You visited 1 branch of the dungeon, and saw 3 of its levels.

You collected 43 gold pieces.

Inventory:

Hand Weapons
 d - a +0 short sword (weapon)
Missiles
 b - 46 stones (quivered)
 g - 7 poisoned darts
Armour
 c - a +0 robe (worn)
Scrolls
 a - a scroll of fear {unknown}
 e - a scroll of noise {unknown}
 f - a scroll of blinking {unknown}


   Skills:
 - Level 2.1 Dodging
 - Level 2.1 Stealth
 - Level 1.5 Spellcasting
   Level 0.5 Transmutations
 + Level 4.4 Earth Magic


You had 4 spell levels left.
You knew the following spells:

 Your Spells              Type           Power        Failure   Level
a - Sandblast             Erth           ##....       4%          1

Your spell library contained the following spells:

 Spells                   Type           Power        Failure   Level
 Passwall                 Tmut/Erth      #.......     14%         2
 Stone Arrow              Conj/Erth      #.....       30%         3
 Petrify                  Tmut/Erth      #.......     65%         4
 Lee's Rapid Deconstruct  Erth           ##........   75%         5


Dungeon Overview and Level Annotations

Branches:
Dungeon (3/15)

Altars:


Innate Abilities, Weirdness & Mutations

You are small and have problems with some larger weapons.
You are somewhat resistant to further mutation.


Message History

Aim: a leopard gecko The blast of sand misses the leopard gecko.
b - 49 stones The leopard gecko closely misses you. x2; The hobgoblin closely misses you.
The leopard gecko misses you.
Casting: Sandblast (safe; 4% risk of failure)
Confirm with . or Enter, or press ? or * to list all spells.
Aiming: Sandblast (safe; 4% risk of failure)
Press: ? - help, Shift-Dir - straight line, f/p - leopard gecko
Aim: a leopard gecko The blast of sand hits the leopard gecko.
You kill the leopard gecko!
b - 48 stones You hit the hobgoblin.
The hobgoblin is moderately wounded.
The hobgoblin barely misses you.
You hit the hobgoblin.
The hobgoblin is almost dead.
The hobgoblin hits you.
You hit the hobgoblin.
You kill the hobgoblin!
You see here a leopard gecko corpse.
You now have 43 gold pieces (gained 13).
Found an escape hatch in the floor.
There is a stone staircase leading down here.
You climb downwards.
A bat, a giant cockroach and an orc come into view.
Found a glowing dagger.
There is a stone staircase leading up here.
An orc wizard comes into view. It is wielding a +0 dagger.
An orc comes into view.
The helpless orc wizard fails to defend itself.
You hit the orc wizard.
The orc wizard is lightly wounded.
The orc shouts!
The orc wizard closely misses you.
An orc comes into view. It is wielding a +0 hand axe.
Casting: Sandblast (safe; 4% risk of failure)
Confirm with . or Enter, or press ? or * to list all spells.
Aiming: Sandblast (safe; 4% risk of failure)
Press: ? - help, Shift-Dir - straight line, f - orc wizard
Aim: an orc wizard, wielding a +0 dagger and wearing a +0 robe (lightly wounded)
The blast of sand hits the orc wizard.
The orc wizard is heavily wounded.
b - 47 stones The orc wizard hits you with a +0 dagger.
Casting: Sandblast (safe; 4% risk of failure)
Confirm with . or Enter, or press ? or * to list all spells.
Aiming: Sandblast (safe; 4% risk of failure)
Press: ? - help, Shift-Dir - straight line, f/p - orc wizard
Aim: an orc wizard, wielding a +0 dagger and wearing a +0 robe (heavily wounded)
The blast of sand hits the orc wizard but does no damage.
The orc wizard is heavily wounded.
b - 46 stones The orc shouts!
The orc wizard hits you with a +0 dagger.
The giant cockroach barely misses you.
You closely miss the giant cockroach. The giant cockroach closely misses you.
The giant cockroach completely misses you.
You hit the giant cockroach.
The giant cockroach is heavily wounded.
The giant cockroach closely misses you. The orc completely misses you.
You completely miss the giant cockroach.
The giant cockroach is heavily wounded.
The giant cockroach misses you. The orc closely misses you.
You hit the giant cockroach but do no damage.
The giant cockroach is heavily wounded.
The giant cockroach barely misses you. The orc hits you.
The giant cockroach closely misses you.
You hit the giant cockroach but do no damage.
The giant cockroach is heavily wounded.
The giant cockroach completely misses you.
The orc closely misses you.
You closely miss the giant cockroach.
The giant cockroach is moderately wounded.
The giant cockroach closely misses you. The orc closely misses you.
You closely miss the giant cockroach.
The giant cockroach is moderately wounded.
The giant cockroach bites you but does no damage.
The orc hits you.
* * * LOW HITPOINT WARNING * * *
The giant cockroach completely misses you.
You hit the giant cockroach.
The giant cockroach is heavily wounded.
The orc barely misses you. The giant cockroach misses you.
You hit the giant cockroach.
The giant cockroach is severely wounded.
The orc hits you.
* * * LOW HITPOINT WARNING * * *
The giant cockroach closely misses you.
You closely miss the giant cockroach.
The giant cockroach is severely wounded.
The orc wizard casts a spell.
The orc wizard seems to speed up.
The giant cockroach bites you.
* * * LOW HITPOINT WARNING * * *
The orc completely misses you.
You hit the giant cockroach.
You kill the giant cockroach!
The bat completely misses you. The orc hits you.
You die...

#############.#
.......o..o...#
##..##o#.##.##
#o#... o
#@####.#
#b##.#.###..
#...#...b...
####<# #.# ...
..... #.....#
#..B..#


You could see an orc wizard (fast), 2 orcs and a bat.

Vanquished Creatures
  Jessica (D:2)
  A leopard gecko (D:2)
  2 giant cockroaches
  A goblin (D:1)
  A hobgoblin (D:2)
  A bat (D:1)
  A frilled lizard (D:2)
  A kobold (D:2)
  3 rats (D:1)
12 creatures vanquished.

Notes
Turn   | Place    | Note
-------+----------+-------------------------------------------
     0 | D:1      | EnegeticOcto the Halfling Earth Elementalist began the
                  | quest for the Orb.
     0 | D:1      | Reached XP level 1. HP: 11/11 MP: 3/3
   111 | D:2      | Noticed Jessica
   121 | D:2      | Killed Jessica
   121 | D:2      | Reached skill level 4 in Earth Magic
   121 | D:2      | Reached XP level 2. HP: 8/17 MP: 0/4
   121 | D:2      | Reached XP level 3. HP: 10/21 MP: 0/5
   218 | D:3      | Slain by an orc

Illustrated notes

Levels and vault maps discovered:
D:1:      saegor_arrival_simple_b, layout_loops_ring
D:2:      layout_rooms, uniq_jessica
D:3:      layout_loops_cross, kennysheep_generic_room_16

Skill      XL: |  1 |
---------------+----+-----
Earth Magic    | 4 |  4.4
Dodging        | |  2.1
Stealth        | |  2.1
Spellcasting   | |  1.5
Transmutations | |  0.5

Action                   || total
-------------------------++-------
Melee: Short sword       ||    21
 Cast: Sandblast         ||    15
 Stab: Sleeping          ||     2
Armor: Robe              ||     4
Dodge: Dodged            ||    28

Table legend: (Time is in decaauts)
 A = Elapsed time spent in this place.
 B = Non-inter-level travel time spent in this place.
 C = Inter-level travel time spent in this place.
 D = Time resting spent in this place.
 E = Time spent auto-exploring this place.
 F = Levels seen in this place.
 G = Mean time per level.
                   A        B        C        D        E       F      G
               +--------+--------+--------+--------+--------+-----+--------+
         Total |    226 |    226 |      0 |      0 |      0 |   3 |   75.3 |
       Dungeon |    226 |    226 |      0 |      0 |      0 |   3 |   75.3 |
               +--------+--------+--------+--------+--------+-----+--------+

Top non-repeatable levels by time:
     D:2: 113 daAuts
     D:1: 87 daAuts
     D:3: 24 daAuts
